 Dungeon Crawl Stone Soup version 0.24.0-123-gd5b16e6ec5 (webtiles) character file.

Game seed: 825999635126129278, levelgen mode: deterministic

5300 Curus the Spear-Bearer (level 10, -9/83 HPs)
             Began as a Merfolk Gladiator on Dec 29, 2019.
             Was a Priest of Yredelemnul.
             Mangled by a yak (12 damage)
             ... on level 9 of the Dungeon on Dec 30, 2019.
             The game lasted 00:33:40 (6783 turns).

Curus the Spear-Bearer (Merfolk Gladiator)          Turns: 6783, Time: 00:33:40

Health: -9/83      AC:  9    Str: 20    XL:     10   Next: 63%
Magic:  8/11       EV: 20    Int:  8    God:    Yredelemnul [***...]
Gold:   230        SH:  0    Dex: 18    Spells: 9/9 levels left

rFire    + . .     SeeInvis .   a - +3 trident
rCold    + . .     Gourm    .   (no shield)
rNeg     . . .     Faith    .   p - +1 leather armour {rC+}
rPois    .         Spirit   .   c - +0 helmet
rElec    .         Reflect  .   i - +1 cloak
rCorr    +         Harm     .   k - +0 pair of gloves
MR       .....                  s - +0 pair of boots
Stlth    +.........             (no amulet)
HPRegen  0.23/turn              e - ring of protection from fire
MPRegen  0.12/turn              m - ring of resist corrosion

@: mighty
A: change form in water, swift swim, stealthy swim
a: Recall Undead Slaves, Injury Mirror, Animate Dead, Renounce Religion


You were on level 9 of the Dungeon.
You worshipped Yredelemnul.
Yredelemnul was most pleased with you.
You were not hungry.

You visited 3 branches of the dungeon, and saw 11 of its levels.

You collected 446 gold pieces.
You spent 216 gold pieces at shops.

Inventory:

Hand Weapons
 a - a +3 trident (weapon)
Missiles
 d - 5 throwing nets (quivered)
Armour
 b - a +0 leather armour
 c - a +0 helmet (worn)
 i - a +1 cloak (worn)
 k - a +0 pair of gloves (worn)
 p - a +1 leather armour of cold resistance (worn)
 q - a +3 leather armour
 s - a +0 pair of boots (worn)
Jewellery
 e - a ring of protection from fire (left hand)
 m - a ring of resist corrosion (right hand)
 o - an uncursed ring of attention
 u - an uncursed ring of ice
Wands
 t - a wand of digging (4)
 w - a wand of disintegration (13)
Scrolls
 h - 8 scrolls of identify
 j - 2 scrolls of teleportation
 r - 2 scrolls of remove curse
Potions
 g - 2 potions of might
 l - 5 potions of curing
 n - a potion of heal wounds
Comestibles
 f - 11 rations


   Skills:
 - Level 9.1 Fighting
 - Level 14.3 Polearms
 - Level 2.0 Throwing
 - Level 11.0 Dodging
 + Level 2.0 Invocations
 + Level 1.7 Evocations


You had 9 spell levels left.
You didn't know any spells.
Your spell library was empty.

Dungeon Overview and Level Annotations

Branches:
Dungeon (9/15)             Temple (1/1) D:7            Lair (1/6) D:9
    Orc: D:9-12

Altars:
Elyvilon
Gozag
Makhleb
Qazlal
Ru
Yredelemnul

Shops:
D:4 *


Message History

You kill the yak!
Yredelemnul accepts your kill.
Your Invocations skill increases to level 2!
The yak gores you!
* * * LOW HITPOINT WARNING * * *
You impale the yak!!
The yak is heavily wounded.
The yak gores you!
* * * LOW HITPOINT WARNING * * *
You barely miss the yak.
The yak is heavily wounded.
The yak gores you.
* * * LOW HITPOINT WARNING * * *
You puncture the yak!
The yak is severely wounded.
The yak barely misses you. The yak misses you.
You call on the dead to rise...
The dead are walking!
You feel somewhat more hungry. The yak gores you!
You die...
Your body rises from the dead as a mindless zombie. ########### ##PPPPPPPPP## ##PPPPPP.Y@PP# ....PPPP.YZPP#

....PPPP.).PP#
##
.....PP..PPPP#
..
#.......PP.P#
.#
##......P..##
.# ###.....###
.# #........#
.+ #........#


You could see 2 yaks and a friendly yak zombie.

Vanquished Creatures
  Harold (D:9)
  A komodo dragon (D:9)
  A troll (D:9)
  A hippogriff (D:7)
  3 yaks (D:9)
  3 ice beasts
  2 sky beasts
  A phantom (D:7)
  4 ogres
  A necrophage (D:5)
  4 centaurs
  4 bullfrogs
  A wyvern zombie (D:6)
  5 howler monkeys
  5 crimson imps
  A centaur skeleton (D:7)
  4 hounds
  2 orc priests
  4 orc wizards
  Terence (D:2)
  Jessica (D:3)
  An iguana (D:7)
  4 worker ants
  A hound skeleton (D:4)
  A howler monkey zombie (D:6)
  4 adders
  4 gnolls
  4 shadow imps
  An ooze (D:6)
  An adder zombie (D:7)
  6 worms
  2 dart slugs (D:1)
  6 leopard geckos
  27 orcs
  2 ball pythons
  6 giant cockroaches
  4 goblins
  6 hobgoblins
  11 jackals
  4 kobolds
  6 quokkas
  3 bats
  9 frilled lizards
  A quokka skeleton (D:6)
  7 rats
171 creatures vanquished.

Vanquished Creatures (collateral kills)
  A two-headed ogre (D:8)
  A hornet (D:9)
  A howler monkey (D:8)
  A jelly (D:5)
  2 hounds
  A worker ant (D:4)
  3 gnolls (D:4)
  An orc (D:5)
  2 plants (D:9)
13 creatures vanquished.

Vanquished Creatures (others)
  A hornet zombie (D:9)
  A bullfrog zombie (D:9)
  An ogre skeleton (D:9)
  A howler monkey zombie (D:5)
  A jackal skeleton (D:6)
  A plant (D:9)
6 creatures vanquished.

Grand Total: 190 creatures vanquished

Notes
Turn   | Place    | Note
-------+----------+-------------------------------------------
     0 | D:1      | Curus the Merfolk Gladiator began the quest for the Orb.
     0 | D:1      | Reached XP level 1. HP: 16/16 MP: 1/1
    15 | D:1      | Reached skill level 5 in Polearms
    68 | D:1      | Reached XP level 2. HP: 21/22 MP: 2/2
   305 | D:1      | Reached skill level 6 in Polearms
   305 | D:1      | Reached XP level 3. HP: 20/27 MP: 3/3
   899 | D:2      | Noticed Terence
   907 | D:2      | Killed Terence
   907 | D:2      | Reached skill level 7 in Polearms
   907 | D:2      | Reached XP level 4. HP: 23/33 MP: 4/4
  1423 | D:3      | Reached skill level 8 in Polearms
  1484 | D:3      | Reached XP level 5. HP: 28/38 MP: 5/5
  1555 | D:3      | Noticed Jessica
  1565 | D:3      | Killed Jessica
  1679 | D:3      | Reached skill level 9 in Polearms
  1880 | D:4      | Found a sacrificial altar of Ru.
  1916 | D:4      | Reached XP level 6. HP: 22/44 MP: 6/6
  2265 | D:4      | You fall into a shaft and drop 3 floors!
  2265 | D:7      | Found a staircase to the Ecumenical Temple.
  2317 | Temple   | Entered the Ecumenical Temple
  2324 | Temple   | Became a worshipper of Yredelemnul the Dark
  2358 | D:7      | Reached skill level 10 in Polearms
  2544 | D:7      | Reached XP level 7. HP: 42/50 MP: 7/7
  2549 | D:7      | Reached skill level 11 in Polearms
  2968 | D:6      | Reached skill level 12 in Polearms
  3219 | D:5      | Entered Level 5 of the Dungeon
  3236 | D:5      | Reached XP level 8. HP: 52/56 MP: 8/8
  3264 | D:5      | Reached skill level 13 in Polearms
  3299 | D:5      | Reached * piety under Yredelemnul
  3362 | D:5      | Reached skill level 14 in Polearms
  3536 | D:4      | Found Wyidoem's Assorted Antiques.
  3557 | D:4      | Bought a potion of curing for 72 gold pieces
  3557 | D:4      | Bought 2 potions of curing for 144 gold pieces
  3620 | D:4      | Found a white marble altar of Elyvilon.
  4502 | D:6      | Reached ** piety under Yredelemnul
  4502 | D:6      | Reached skill level 5 in Dodging
  4528 | D:6      | Reached XP level 9. HP: 51/65 MP: 7/9
  5011 | D:7      | Reached skill level 5 in Fighting
  5597 | D:8      | Noticed a two-headed ogre
  5607 | D:8      | Killed a two-headed ogre
  6090 | D:9      | Noticed a troll
  6096 | D:9      | Killed a troll
  6096 | D:9      | Reached XP level 10. HP: 69/79 MP: 10/10
  6135 | D:9      | Reached *** piety under Yredelemnul
  6185 | D:9      | Noticed Harold
  6211 | D:9      | Killed Harold
  6211 | D:9      | Reached skill level 10 in Dodging
  6381 | D:9      | Paralysed by a hornet for 1 turns
  6719 | D:9      | Found a staircase to the Lair.
  6752 | Lair:1   | Entered Level 1 of the Lair of Beasts
  6775 | D:9      | Reached skill level 1 in Invocations
  6778 | D:9      | Reached skill level 1 in Evocations
  6780 | D:9      | HP: 4/83 [yak (9)]
  6783 | D:9      | Mangled by a yak

Levels and vault maps discovered:
D:1:      eino_arrival_cavern_d, layout_loops_ring
D:2:      layout_loops_ring, uniq_terence
D:3:      layout_rooms, wander_ebering_terrifying_dragon_lair, uniq_jessica
D:4:      layout_basic, elyvilon_altar_5, serial_shops, shop,
          grunt_ministairs_13, minmay_misc_feat_more_columns,
          nicolae_ru_sacrificial_ziggurat
D:5:      layout_rooms, first_ration
D:6:      layout_cave_pools
D:7:      layout_basic, minmay_temple_entry_slanted
D:8:      layout_rooms
D:9:      layout_irregular_city, david_lair_shrubbed, serial_shops, shop,
          st_stairs_14, uniq_harold
Temple:   nicolae_temple_the_god_donut
Lair:1:   layout_cave_shapes, chequers_serial_rivers_small_3

Skill      XL: |  1  2  3  4  5  6  7  8  9 10 |
---------------+-------------------------------+-----
Polearms       | 5 6 7 8 9 10 12 14 | 14.3
Fighting       | 3 7 9 |  9.1
Dodging        | 5 9 11 | 11.0
Invocations    | 2 |  2.0
Evocations     | 1 |  1.7
Throwing       | |  2.0

Action                   |  1- 3 |  4- 6 |  7- 9 | 10-12 || total
-------------------------+-------+-------+-------+-------++-------
Melee: Trident           |    77 |   190 |   389 |   111 ||   767
Invok: Animate Remains   |       |       |    26 |       ||    26
       Animate Dead      |       |       |       |     4 ||     4
Evoke: Wand              |       |       |       |     1 ||     1
  Use: Scroll            |     5 |     4 |     4 |     1 ||    14
       Potion            |     3 |     1 |     1 |     2 ||     7
 Stab: Sleeping          |     2 |     1 |     2 |       ||     5
  Eat: Chunk             |       |     5 |    19 |     2 ||    26
       Ration            |       |       |       |     1 ||     1
Armor: Leather armour    |    12 |    19 |    43 |    16 ||    90
Dodge: Dodged            |    26 |    79 |   153 |    60 ||   318
